 Dungeon Sprint DCSS version 0.27-a0-1119-gbf574a6a6b (webtiles) character file.

Game seed: 17912880812277007809

1273 Zeld the Destroyer (level 8, -12/58 HPs)
             Began as an Octopode Conjurer on May 3, 2021.
             Was a Priest of Sif Muna.
             Splashed by an oklob plant's acid (13 damage)
             ... in the Dungeon (Sprint IV: "Fedhas' Mad Dash").
             The game lasted 00:03:12 (3379 turns).

Zeld the Destroyer (Octopode Conjurer)              Turns: 3379, Time: 00:03:13

Health: -12/58     AC: -3    Str:  6    XL:     8   Next: 53%
Magic:  11/18      EV: 15    Int: 23    God:    Sif Muna [***...]
Gold:   43         SH:  0    Dex: 10    Spells: 9/20 levels left

rFire    . . .     SeeInvis .   (no weapon)
rCold    . . .     Faith    .   (no shield)
rNeg     . . .     Spirit   .   (helmet restricted)
rPois    .         Reflect  .   h - amulet of invisibility {+Inv}
rElec    .         Harm     .   (no ring)
rCorr    .         Rampage  .   (no ring)
Will     .....     NoTele   +   (no ring)
Stlth    +++.......             (no ring)
HPRegen  0.19/turn              (no ring)
MPRegen  0.16/turn              (no ring)
                                (no ring)
                                (no ring)

@: corroded
A: almost no armour, amphibious, 8 rings, camouflage 1, gelatinous body 1,
(nimble swimmer 1), tentacles
a: Renounce Religion, Evoke Invisibility, Channel Magic, Forget Spell


You were in the Dungeon.
You worshipped Sif Muna.
Sif Muna was most pleased with you.
You visited 1 branch You collected 106 gold pieces.
You spent 63 gold pieces at shops.

Inventory:

Jewellery
 h - the amulet of invisibility (around mantle) {+Inv}
   (You found it in the Dungeon)

   [amulet of nothing]

   It lets you turn invisible.
Scrolls
 g - a scroll of blinking
 i - a scroll of magic mapping {unknown}
 j - a scroll of identify {unknown}
Potions
 a - a potion of flight {unknown}
 b - 3 potions of curing
 c - a potion of heal wounds
 d - a potion of haste
 e - 2 potions of magic
 f - a potion of berserk rage


   Skills:
 + Level 6.9 Fighting
 + Level 7.3 Dodging
 - Level 2.6 Stealth
 + Level 6.7 Spellcasting
 * Level 10.8 Conjurations
 - Level 5.0 Hexes
 - Level 5.0 Translocations
 * Level 6.4 Invocations


You had 9 spell levels left.
You knew the following spells:

 Your Spells              Type           Power      Damage    Failure   Level
a - Magic Dart            Conj           100%       1d8       1%          1
b - Searing Ray           Conj           100%       3d7       1%          2
c - Fulminant Prism       Conj/Hex       22%        3d13      3%          4
d - Iskenderun's Mystic   Conj/Tloc      44%        2d10      3%          4

Your spell library contained the following spells:

 Spells                   Type           Power      Damage    Failure   Level
 Dazzling Flash           Conj/Hex       88%        N/A       1%          3


Dungeon Overview and Level Annotations

Branches:
Dungeon (1/1)

Altars:
Cheibriados
Dithmenos
Elyvilon
Gozag
Hepliaklqana
Kikubaaqudgha
Makhleb
Nemelex Xobeh
Okawaru
Qazlal
Ru
Sif Muna
Trog
Uskayaw
Vehumet
Wu Jian
Xom
Yredelemnul
Zin
The Shining One
Beogh
Jiyva
Lugonu

Shops:
D [!:!

Annotations:
D exclusion: oklob plant


Innate Abilities, Weirdness & Mutations

You cannot wear most types of armour.
You are amphibious.
You can wear up to eight rings at the same time.
Your skin changes colour to match your surroundings (Stealth+).
Your rubbery body absorbs attacks. (AC +1, EV +1)
((You are camouflaged near water. (Stealth+)))
You have tentacles for arms and can constrict up to eight enemies at once.


Message History

There is an open door here.
You see here a queen bee corpse.
You start resting.
You see here a killer bee corpse.
You open the door.
An oklob plant comes into view.
Marking area around an oklob plant as unsafe for travelling.
Found a scroll labelled COWEKO ITUSY and 4 gold pieces.
Casting: Searing Ray (safe; 1% risk of failure)
Confirm with . or Enter, or press ? or * to list all spells.
Aiming: Searing Ray (safe; 1% risk of failure)
Press: ? - help, Shift-Dir - straight line, f - oklob plant
Aim: an oklob plant (dormant, 100% to hit)
The searing ray hits the oklob plant!
The oklob plant is lightly damaged. (Press . to maintain the ray.)
The oklob plant spits acid at you. The splash of acid hits you!!
The acid corrodes you!
You are splashed with acid!
* * * LOW HITPOINT WARNING * * *
The searing ray hits the oklob plant!
The oklob plant is moderately damaged.
The searing ray hits the oklob plant!
The oklob plant is heavily damaged.
The searing ray hits the oklob plant!
The oklob plant is severely damaged.
You finish channeling your searing ray.
Casting: Searing Ray (safe; 1% risk of failure)
Confirm with . or Enter, or press ? or * to list all spells.
Aiming: Searing Ray (safe; 1% risk of failure)
Press: ? - help, Shift-Dir - straight line, f/p - oklob plant
Aim: an oklob plant (severely damaged, 100% to hit)
The searing ray hits the oklob plant.
The oklob plant is severely damaged. (Press . to maintain the ray.)
The oklob plant spits acid at you. The splash of acid hits you!
* * * LOW HITPOINT WARNING * * *
The acid corrodes you!
You are splashed with acid!
You die...

####################
#<÷.P#.....#.....#.⌠
#.P..'.)...'.#...'..
#PPPP#.....#.#...#..
###############'##..
#...♣.......††...#._
#......♣.....#...###
#..@..♣..♣..######
##'####+##### #?.
#P$ ###


You could see an oklob plant.

Vanquished Creatures
  2 wandering mushrooms (D)
  A burning bush (D)
  A queen bee (D)
  3 scorpions (D)
  4 killer bees (D)
  4 oklob saplings (D)
  2 spriggans (D)
  A river rat (D)
  A rat (D)
19 creatures vanquished.

Vanquished Creatures (others)
  A fungus (D)
1 creature vanquished.

Grand Total: 20 creatures vanquished

Notes
Turn   | Place    | Note
-------+----------+-------------------------------------------
     0 | D        | Zeld the Octopode Conjurer began the quest for the Orb.
     0 | D        | Reached XP level 1. HP: 11/11 MP: 3/3
   579 | D        | Reached skill level 1 in Fighting
   579 | D        | Reached XP level 2. HP: 11/18 MP: 0/5
   791 | D        | Learned a level 2 spell: Searing Ray
   797 | D        | Noticed an oklob sapling
   803 | D        | Killed an oklob sapling
   804 | D        | Reached skill level 5 in Conjurations
   804 | D        | Reached XP level 3. HP: 25/25 MP: 1/7
  1162 | D        | Noticed a scorpion
  1163 | D        | Found the amulet of invisibility {+Inv}
  1166 | D        | Killed a scorpion
  1167 | D        | Reached skill level 6 in Conjurations
  1167 | D        | Reached XP level 4. HP: 15/31 MP: 2/9
  1446 | D        | Found an opulent altar of Gozag.
  1446 | D        | Found a hazy altar of Hepliaklqana.
  1446 | D        | Found a burning altar of Makhleb.
  1446 | D        | Found a sparkling altar of Nemelex Xobeh.
  1446 | D        | Found a snail-covered altar of Cheibriados.
  1446 | D        | Found a sacrificial altar of Ru.
  1446 | D        | Found a shimmering blue altar of Sif Muna.
  1446 | D        | Found a shimmering altar of Xom.
  1446 | D        | Found a basalt altar of Yredelemnul.
  1447 | D        | Found a viscous altar of Jiyva.
  1447 | D        | Found a bloodstained altar of Trog.
  1447 | D        | Found an ornate altar of the Wu Jian Council.
  1447 | D        | Noticed an oklob sapling priest
  1450 | D        | Found an iron altar of Okawaru.
  1450 | D        | Found a shadowy altar of Dithmenos.
  1450 | D        | Found a glowing silver altar of Zin.
  1452 | D        | Found a hide-covered altar of Uskayaw.
  1452 | D        | Found an ancient bone altar of Kikubaaqudgha.
  1453 | D        | Found a glowing golden altar of the Shining One.
  1453 | D        | Found a stormy altar of Qazlal.
  1453 | D        | Found a white marble altar of Elyvilon.
  1454 | D        | Found a radiant altar of Vehumet.
  1454 | D        | Found a corrupted altar of Lugonu.
  1463 | D        | Killed an oklob sapling priest
  1464 | D        | Reached skill level 7 in Conjurations
  1464 | D        | Reached XP level 5. HP: 37/37 MP: 0/11
  1464 | D        | Became a worshipper of Sif Muna the Loreminder
  1565 | D        | Reached skill level 5 in Dodging
  1565 | D        | Reached skill level 8 in Conjurations
  1635 | D        | Reached skill level 5 in Spellcasting
  1635 | D        | Reached * piety under Sif Muna
  1636 | D        | Reached skill level 5 in Fighting
  1637 | D        | Reached skill level 9 in Conjurations
  1637 | D        | Reached XP level 6. HP: 45/45 MP: 9/14
  1642 | D        | Learned a level 4 spell: Fulminant Prism
  1647 | D        | Learned a level 4 spell: Iskenderun's Mystic Blast
  1682 | D        | Found Debovy's Distillery.
  1682 | D        | Found Fipal's Armour Emporium.
  1689 | D        | Bought a potion of curing for 33 gold pieces
  1691 | D        | Noticed a burning bush
  1691 | D        | Noticed a wandering mushroom
  1868 | D        | Killed a burning bush
  1869 | D        | Reached skill level 5 in Hexes
  1869 | D        | Reached skill level 5 in Translocations
  1869 | D        | Reached skill level 1 in Invocations
  1869 | D        | Reached XP level 7. HP: 28/50 MP: 4/15
  1903 | D        | Noticed a wandering mushroom
  2010 | D        | Killed a wandering mushroom
  2010 | D        | Reached ** piety under Sif Muna
  2017 | D        | Reached skill level 10 in Conjurations
  2327 | D        | Reached XP level 8. HP: 12/58 MP: 8/17
  2669 | D        | Found Fithrieq's Distillery.
  2669 | D        | Found Kuxuu's Book Shoppe.
  2675 | D        | Bought a potion of curing for 30 gold pieces
  2716 | D        | Reached skill level 5 in Invocations
  2955 | D        | Noticed a queen bee
  3228 | D        | Reached *** piety under Sif Muna
  3241 | D        | Killed a queen bee
  3374 | D        | Noticed an oklob plant
  3379 | D        | HP: 1/58 [oklob plant/splash of acid (14)]
  3379 | D        | Splashed by an oklob plant's acid

Illustrated notes

Levels and vault maps discovered:
D:        dungeon_sprint_fedhas [sprint_temple]

Skill      XL: |  1  2  3  4  5  6  7  8 |
---------------+-------------------------+-----
Fighting       | 1 2 3 4 5 6 |  6.9
Dodging        | 3 4 5 6 7 |  7.3
Spellcasting   | 3 4 5 6 |  6.7
Conjurations   | 5 6 7 9 10 | 10.8
Hexes          | 5 |  5.0
Translocations | 5 |  5.0
Invocations    | 1 4 6 |  6.4
Stealth        | |  2.6

Action                   |  1- 3 |  4- 6 |  7- 9 || total
-------------------------+-------+-------+-------++-------
Melee: Unarmed           |     2 |       |     3 ||     5
       Constrict         |     1 |       |     1 ||     2
       Tentacles         |     1 |       |       ||     1
 Cast: Magic Dart        |     9 |       |     1 ||    10
       Searing Ray       |     2 |     6 |    14 ||    22
       Iskenderun's Myst |       |       |     4 ||     4
Invok: Channel Magic     |       |       |     1 ||     1
 Abil: Evoke Invisibilit |       |     2 |       ||     2
Armor: Skin              |       |       |     1 ||     1
Dodge: Dodged            |     1 |     1 |    23 ||    25

Table legend: (Time is in decaauts)
 A = Elapsed time spent in this place.
 B = Non-inter-level travel time spent in this place.
 C = Inter-level travel time spent in this place.
 D = Time resting spent in this place.
 E = Time spent auto-exploring this place.
 F = Levels seen in this place.
 G = Mean time per level.
                   A        B        C        D        E       F      G
               +--------+--------+--------+--------+--------+-----+--------+
         Total |   3379 |   3347 |     32 |   2968 |     95 |   1 | 3379.0 |
       Dungeon |   3379 |   3347 |     32 |   2968 |     95 |   1 | 3379.0 |
               +--------+--------+--------+--------+--------+-----+--------+

Top non-repeatable levels by time:
       D: 3379 daAuts
